 Dungeon Crawl Stone Soup version 0.30-a0-1018-g25214051b3 (webtiles) character file.

Game seed: 13938472381446118420

70 cheesebisquit the Grave Robber (level 4, -4/36 HPs)
             Began as a Hill Orc Necromancer on Apr 7, 2023.
             Slain by a goblin
             ... wielding a +0 club
             ... led by Robin
              (6 damage)
             ... on level 2 of the Dungeon.
             The game lasted 00:05:21 (1760 turns).

cheesebisquit the Grave Robber (HONe)               Turns: 1760, Time: 00:05:22

Health: -4/36      AC:  2    Str: 10    XL:     4   Next: 21%
Magic:  1/7        EV: 10    Int: 17    God:
Gold:   66         SH:  7    Dex: 11    Spells: 6/7 levels left

rFire   . . .      SeeInvis .    g - +2 short sword (venom)
rCold   . . .      Faith    .    b - +0 kite shield
rNeg    . . .      Spirit   .    a - +0 robe
rPois   .          Reflect  .    (no helmet)
rElec   .          Rampage  .    (no cloak)
rCorr   .                        (no gloves)
Will    .....                    (no boots)
Stlth   ++                       (no amulet)
HPRegen 0.26/turn                (no ring)
MPRegen 0.10/turn                (no ring)

@: lethally poisoned (-4 -> -12), hasted, very quick
A: no striking features
a: no special abilities


You were on level 2 of the Dungeon.
You visited 1 branch of the dungeon, and saw 2 of its levels.

You collected 66 gold pieces.

Inventory:

Hand Weapons
 c - a +0 club
 g - a +2 short sword of venom (weapon)
Missiles
 l - 6 boomerangs
Armour
 a - a +0 robe (worn)
 b - a +0 kite shield (worn)
Scrolls
 f - 7 scrolls of teleportation {unknown}
 h - a scroll of enchant armour {unknown}
 i - 2 scrolls of identify {unknown}
 n - a scroll of blinking {unknown}
Potions
 d - a potion of curing {unknown}
 e - a potion of berserk rage {unknown}
 j - a potion of haste
 k - a potion of mutation {unknown}
 m - 2 potions of heal wounds {unknown}


   Skills:
 + Level 2.1 Fighting
 - Level 1.5 Dodging
 - Level 1.5 Stealth
 + Level 1.3 Shields
 + Level 2.2 Spellcasting
 + Level 4.4 Necromancy


You had 6 spell levels left.
You knew the following spells:

 Your Spells              Type           Power      Damage    Failure   Level
a - Necrotise             Necr           68%        1d7       11%         1

Your spell library contained the following spells:

 Spells                   Type           Power      Damage    Failure   Level
 Kiss of Death            Conj/Necr      36%        2d8       26%         1
 Vampiric Draining        Necr           17%        2d7       30%         3
 Animate Dead             Necr           17%        N/A       71%         4
 Dispel Undead            Necr           17%        3d10      71%         4
 Confusing Touch          Hex            1%         N/A       89%         3
 Tukima's Dance           Hex            1%         N/A       89%         3
 Agony                    Necr           17%        N/A       96%         5
 Passage of Golubria      Tloc           1%         N/A       100%        4
 Yara's Violent Unravell  Hex/Tmut       0%         3d3       100%        5


Dungeon Overview and Level Annotations

Branches:
Dungeon (2/15)

Altars:

Annotations:
D:2 Natasha, Robin


Message History

The hobgoblin misses you. The goblin hits you with a +0 dagger.
Your hobgoblin skeleton hits the hobgoblin.
You see here a +0 club.
You hit the goblin.
You kill the goblin!
Robin throws the goblin at you!
A hobgoblin comes into view.
The hobgoblin misses you.
The goblin hits you with a +2 dagger of venom!
You are poisoned.
Your goblin skeleton hits the hobgoblin but does no damage.
Your hobgoblin skeleton hits the hobgoblin but does no damage.
Okay, then.
You hit the goblin.
You kill the goblin!
You feel very sick. The goblin hits you with a +0 dagger.
* * * LOW HITPOINT WARNING * * *
The hobgoblin hits your hobgoblin skeleton.
Your goblin skeleton hits the hobgoblin but does no damage.
Your hobgoblin skeleton hits the hobgoblin.
The goblin barely misses you.
Natasha, Servant of Life and Death comes into view.
The hobgoblin hits you.
* * * LOW HITPOINT WARNING * * *
The goblin attacks as you move away! The goblin barely misses you.
* * * LOW HITPOINT WARNING * * *
You feel very sick.
Your goblin skeleton closely misses the hobgoblin.
The goblin hits your hobgoblin skeleton with a +0 dagger.
Your hobgoblin skeleton is destroyed!
Robin throws the goblin at you!
Things that are here:
a +2 dagger of venom; a goblin corpse It was a potion of haste.
You feel yourself speed up.
* * * LOW HITPOINT WARNING * * *
You feel very sick.
The goblin unwields a +0 sling.
The goblin wields a +0 club.
The goblin hits you with a +0 club.
You die...

#############
#...........#
#Z#:g.......#
##gg@#######.########
#.gg## #.........
......#.# #.########
....g .g#
#####.######## ..g#
#### #)...........#
.. #>###.######.# h
#.# #.# #.# #.#
...#####.#


You could see Robin, 2 hobgoblins, 5 goblins and a friendly goblin skeleton.

Vanquished Creatures
  Natasha (D:2)
  2 dart slugs
  2 ball pythons (D:1)
  2 endoplasms (D:1)
  3 giant cockroaches (D:1)
  7 goblins
  6 hobgoblins
  3 jackals (D:2)
  A quokka (D:2)
  3 bats
  3 frilled lizards
  A kobold (D:1)
  3 rats
37 creatures vanquished.

Notes
Turn   | Place    | Note
-------+----------+-------------------------------------------
     0 | D:1      | cheesebisquit the Hill Orc Necromancer began the quest for
                  | the Orb.
     0 | D:1      | Reached XP level 1. HP: 14/14 MP: 3/3
   241 | D:1      | Reached XP level 2. HP: 22/22 MP: 2/4
   250 | D:1      | Reached skill level 1 in Fighting
  1043 | D:1      | Found a faded altar of an unknown god.
  1352 | D:2      | Reached XP level 3. HP: 28/28 MP: 2/6
  1370 | D:2      | Noticed Natasha
  1384 | D:2      | Killed Natasha
  1385 | D:2      | Reached skill level 1 in Shields
  1484 | D:2      | Reached XP level 4. HP: 36/36 MP: 4/7
  1754 | D:2      | Noticed Robin
  1758 | D:2      | Noticed Natasha
  1760 | D:2      | Slain by a goblin

Illustrated notes

Levels and vault maps discovered:
D:1:      giann_horns, layout_basic, basic_ecumenical_altar,
          columned_hall_lemuel, minmay_misc_feat_alley, minmay_misc_feat_tiny,
          nicolae_titane
D:2:      kennysheep_big_flooded_room, layout_loops_ring, uniq_natasha,
          uniq_robin

Skill      XL: |  1  2  3 |
---------------+----------+-----
Fighting       | 1 2 |  2.1
Spellcasting   | 2 |  2.2
Shields        | 1 |  1.3
Dodging        | |  1.5
Stealth        | |  1.5
Necromancy     | |  4.4

Action                     |  1- 3 |  4- 6 || total
---------------------------+-------+-------++-------
  Melee: Unarmed           |     7 |       ||     7
         Short sword       |     9 |     2 ||    11
         Club              |     1 |       ||     1
   Cast: Necrotise         |    52 |    18 ||    70
    Use: Potion            |     1 |     1 ||     2
 Armour: Robe              |    11 |       ||    11
  Dodge: Dodged            |    22 |     6 ||    28
  Block: Kite shield       |     9 |       ||     9

Table legend: (Time is in decaauts)
 A = Elapsed time spent in this place.
 B = Non-inter-level travel time spent in this place.
 C = Inter-level travel time spent in this place.
 D = Time resting spent in this place.
 E = Time spent auto-exploring this place.
 F = Levels seen in this place.
 G = Mean time per level.
                   A        B        C        D        E       F      G
               +--------+--------+--------+--------+--------+-----+--------+
         Total |   1773 |   1754 |     19 |      0 |   1505 |   2 |  886.5 |
       Dungeon |   1773 |   1754 |     19 |      0 |   1505 |   2 |  886.5 |
               +--------+--------+--------+--------+--------+-----+--------+

Top non-repeatable levels by time:
     D:1: 1230 daAuts
     D:2: 542 daAuts
